 Dungeon Crawl Stone Soup version 0.27-a0-262-gc50aac273e (webtiles) character file.

Game seed: 18289264522924125656

96 kae the Ruffian (level 4, -4/36 HPs)
             Began as a Draconian Transmuter on Feb 4, 2021.
             Slain by a worm (9 damage)
             ... on level 3 of the Dungeon.
             The game lasted 00:00:44 (2441 turns).

kae the Ruffian (Draconian Transmuter)              Turns: 2441, Time: 00:00:44

Health: -4/36      AC:  5    Str: 13    XL:     4   Next: 41%
Magic:  6/7        EV: 12    Int: 13    God:
Gold:   48         SH:  0    Dex: 12    Spells: 7/8 levels left

rFire    . . .     SeeInvis .     - Unarmed
rCold    . . .     Faith    .   (no shield)
rNeg     . . .     Spirit   .   (armour unavailable)
rPois    .         Reflect  .   (helmet currently unavailable)
rElec    .         Harm     .   (no cloak)
rCorr    .         Rampage  .   (no gloves)
Will     .....                  (boots currently unavailable)
Stlth    +.........             (no amulet)
HPRegen  0.12/turn              (no ring)
MPRegen  0.10/turn              (no ring)

@: appendages (expiring)
A: unfitting armour, horns 2, talons 2, cold-blooded, AC +5
a: End Transformation


You were on level 3 of the Dungeon.
You had grown temporary horns.
You had grown temporary talons.
You visited 1 branch of the dungeon, and saw 3 of its levels.

You collected 48 gold pieces.

Inventory:

Wands
 g - a wand of flame (27)
Scrolls
 a - 5 scrolls of identify {unknown}
 b - 3 scrolls of noise {unknown}
 c - a scroll of teleportation {unknown}
 d - 3 scrolls of amnesia {unknown}
 f - a scroll of immolation {unknown}
Potions
 e - a potion of curing {unknown}
 h - a potion of degeneration {unknown}


   Skills:
 + Level 2.0 Fighting
 + Level 2.3 Dodging
 * Level 3.9 Unarmed Combat
 + Level 2.5 Spellcasting
 + Level 2.6 Transmutations


You had 7 spell levels left.
You knew the following spells:

 Your Spells              Type           Power        Failure   Level
a - Beastly Appendage     Tmut           16%          9%          1

Your spell library contained the following spells:

 Spells                   Type           Power        Failure   Level
 Wereblood                Tmut           8%           13%         2
 Animate Skeleton         Necr           2%           24%         1
 Apportation              Tloc           2%           24%         1
 Corona                   Hex            1%           24%         1
 Summon Small Mammal      Summ           4%           24%         1
 Spider Form              Tmut/Pois      2%           38%         3
 Ice Form                 Ice/Tmut       5%           80%         4
 Blade Hands              Tmut           4%           93%         5


Dungeon Overview and Level Annotations

Branches:
Dungeon (3/15)

Altars:
The Shining One


Innate Abilities, Weirdness & Mutations

Your plain brown scales are hard. (AC +5)
You cannot fit into any form of body armour.
You are cold-blooded and may be slowed by cold attacks.
You have a pair of horns on your head.
You have razor-sharp toenails.


Message History

You are too injured to fight recklessly!
A worm is nearby!
You are too injured to fight recklessly!
You are too injured to fight recklessly!
A worm is nearby!
You are too injured to fight recklessly!
You are too injured to fight recklessly!
You hit the worm. Your headbutt misses the worm. You tail-slap the worm.
The worm is heavily wounded.
You completely miss the worm. Your kick misses the worm. You headbutt the worm.
The worm is almost dead.
The worm bites you!
* * * LOW HITPOINT WARNING * * *
You hit the worm.
You tail-slap the worm, but do no damage.
The worm is almost dead.
You hit the worm. Your kick misses the worm.
The worm is almost dead.
The worm bites you!
You die...

.....####.#
#.##.# ##
(#####
#.##.#... .#
#.##.#.## .#
#.##....# .#
.######.##....#
.#
..............#
##
#######........
# #.....$...
#.@.......
#.w......#
#.####...# #.
...# #. ..# #.
.. [. ##


You could see a worm.

Vanquished Creatures
  3 adders (D:2)
  An ooze (D:1)
  3 dart slugs
  4 leopard geckos
  6 giant cockroaches
  7 goblins
  8 hobgoblins
  2 jackals (D:1)
  4 bats
  A frilled lizard (D:2)
  7 kobolds
  6 rats (D:1)
52 creatures vanquished.

Notes
Turn   | Place    | Note
-------+----------+-------------------------------------------
     0 | D:1      | kae the Draconian Transmuter began the quest for the Orb.
     0 | D:1      | Reached XP level 1. HP: 16/16 MP: 3/3
   143 | D:1      | Reached XP level 2. HP: 23/23 MP: 3/5
   529 | D:1      | Reached XP level 3. HP: 28/28 MP: 6/6
  1424 | D:2      | Reached XP level 4. HP: 33/36 MP: 5/7
  1779 | D:2      | Found a glowing golden altar of the Shining One.
  2372 | D:3      | Found a faded altar of an unknown god.
  2441 | D:3      | Slain by a worm

Illustrated notes

Levels and vault maps discovered:
D:1:      amcnicky_arrival_feature_with_door, layout_loops_ring,
          kennysheep_nondescript, hangedman_decor_push
D:2:      layout_loops_cross, lemuel_round_altar
D:3:      layout_loops_ring, chequers_temple_overflow_statue_of_worship,
          chequers_ecumenical_altar_simple_redux, uniq_crazy_yiuf_cottage

Skill      XL: |  1  2  3  4 |
---------------+-------------+-----
Dodging        | 2 |  2.3
Fighting       | 2 |  2.0
Unarmed Combat | |  3.9
Spellcasting   | |  2.5
Transmutations | |  2.6

Action                   |  1- 3 |  4- 6 || total
-------------------------+-------+-------++-------
Melee: Unarmed           |   120 |    51 ||   171
       Kick              |     8 |     5 ||    13
       Headbutt          |    12 |     2 ||    14
       Tailslap          |    11 |     5 ||    16
       Punch             |     2 |       ||     2
 Cast: Beastly Appendage |    21 |     9 ||    30
 Stab: Sleeping          |     1 |       ||     1
Armor: Skin              |    34 |    14 ||    48
Dodge: Dodged            |    85 |    39 ||   124

Table legend: (Time is in decaauts)
 A = Elapsed time spent in this place.
 B = Non-inter-level travel time spent in this place.
 C = Inter-level travel time spent in this place.
 D = Time resting spent in this place.
 E = Time spent auto-exploring this place.
 F = Levels seen in this place.
 G = Mean time per level.
                   A        B        C        D        E       F      G
               +--------+--------+--------+--------+--------+-----+--------+
         Total |   2429 |   2401 |     28 |     10 |   2027 |   3 |  809.7 |
       Dungeon |   2429 |   2401 |     28 |     10 |   2027 |   3 |  809.7 |
               +--------+--------+--------+--------+--------+-----+--------+

Top non-repeatable levels by time:
     D:1: 1197 daAuts
     D:2: 1006 daAuts
     D:3: 225 daAuts
